3129 views
Uploaded 2020-02-16 23:18:03
Game version 1.32 / 1.32.1
13:55 long 3on3 ladder game on (6)BloodstoneMesa_LV
Saved by BEARAND
3129 views
Uploaded 2020-02-16 23:18:03
Game version 1.32 / 1.32.1
13:55 long 3on3 ladder game on (6)BloodstoneMesa_LV


56 units @ 5.2k
/ 0.5k
106 buildings @ 10.5k
/ 5.6k


| Healing Salve | 3 | 300 |
| Lesser Clarity Potion | 3 | 210 |
| Orb of Lightning | 1 | 375 |
| Boots of Speed | 3 | 750 |
| Staff of Teleportation | 2 | 300 |
| Circlet of Nobility | 1 | 175 |
| total: | 13 | 2110g |
| Peon | 12 | 900 | / | 0 |
| Troll Batrider | 4 | 640 | / | 160 |
| total: | 16 | 1540g | / | 160w |
| Watch Tower | 20 | 2200 | / | 1600 |
| Altar of Storms | 1 | 180 | / | 50 |
| Orc Burrow | 4 | 640 | / | 160 |
| Voodoo Lounge | 1 | 130 | / | 30 |
| War Mill | 1 | 205 | / | 0 |
| Great Hall | 1 | 385 | / | 185 |
| Beastiary | 2 | 290 | / | 280 |
| Stronghold | 1 | 315 | / | 190 |
| Fortress | 1 | 325 | / | 190 |
| total: | 30 | 4030g | / | 2305w |
| 0:02 | Peon |
| 0:02 | Peon |
| 0:02 | Peon |
| 0:08 | Altar of Storms |
| 0:17 | Orc Burrow |
| 0:40 | Peon |
| 0:49 | Voodoo Lounge |
| 0:56 | Peon |
| 1:09 | War Mill |
| 1:14 | Peon |
| 1:24 | Peon |
| 1:47 | Peon |
| 2:00 | Orc Burrow |
| 2:11 | Wind Walk |
| 2:14 | Healing Salve |
| 2:15 | Lesser Clarity Potion |
| 2:15 | Lesser Clarity Potion |
| 2:18 | Peon |
| 2:18 | Peon |
| 2:33 | Watch Tower |
| 2:41 | Watch Tower |
| 3:28 | Stronghold |
| 3:31 | Spiked Barricades |
| 3:40 | Boots of Speed |
| 3:41 | Staff of Teleportation |
| 3:52 | Watch Tower |
| 4:26 | Watch Tower |
| 4:27 | Watch Tower |
| 5:11 | Critical Strike |
| 5:31 | Watch Tower |
| 5:32 | Watch Tower |
| 5:36 | Watch Tower |
| 5:37 | Watch Tower |
| 6:07 | Peon |
| 6:08 | Peon |
| 6:11 | Circlet of Nobility |
| 6:39 | Fortress |
| 6:51 | Hex |
| 7:02 | Beastiary |
| 7:05 | Orc Burrow |
| 7:26 | Beastiary |
| 7:38 | Watch Tower |
| 7:41 | Healing Salve |
| 7:43 | Lesser Clarity Potion |
| 8:47 | Troll Batrider |
| 9:46 | Wind Walk |
| 9:47 | Healing Wave |
| 9:52 | Troll Batrider |
| 9:54 | Orc Burrow |
| 10:10 | Watch Tower |
| 10:11 | Watch Tower |
| 10:12 | Watch Tower |
| 10:13 | Watch Tower |
| 10:16 | Watch Tower |
| 10:18 | Watch Tower |
| 10:21 | Orb of Lightning |
| 11:06 | Great Hall |
| 11:29 | Watch Tower |
| 11:29 | Watch Tower |
| 11:31 | Watch Tower |
| 11:32 | Watch Tower |
| 11:41 | Healing Salve |
| 11:51 | Troll Batrider |
| 12:05 | Staff of Teleportation |
| 12:05 | Boots of Speed |
| 12:11 | Boots of Speed |
| 13:17 | Healing Wave |
| 13:36 | Reinforced Defenses |
| 13:39 | Troll Batrider |
| 13:39 | Liquid Fire |
| Right click | 720 |
| Select group | 382 |
| Select | 134 |
| Build/train/purchase | 59 |
| Use ability | 25 |
| Misc. action | 18 |
| Minimap ping | 9 |
| Assign group | 8 |
| Item give/drop | 8 |
| Chat | 6 |


| Healing Salve | 4 | 400 |
| Lesser Clarity Potion | 7 | 490 |
| Potion of Healing | 1 | 150 |
| Orb of Lightning | 1 | 375 |
| Staff of Teleportation | 2 | 300 |
| Boots of Speed | 2 | 500 |
| total: | 17 | 2215g |
| Peon | 11 | 825 | / | 0 |
| Troll Batrider | 7 | 1120 | / | 280 |
| total: | 18 | 1945g | / | 280w |
| Watch Tower | 16 | 1760 | / | 1280 |
| Altar of Storms | 1 | 180 | / | 50 |
| Orc Burrow | 3 | 480 | / | 120 |
| War Mill | 1 | 205 | / | 0 |
| Voodoo Lounge | 3 | 390 | / | 90 |
| Great Hall | 1 | 385 | / | 185 |
| Beastiary | 2 | 290 | / | 280 |
| Stronghold | 1 | 315 | / | 190 |
| Fortress | 1 | 325 | / | 190 |
| total: | 27 | 3690g | / | 2005w |
| 0:01 | Peon |
| 0:01 | Peon |
| 0:07 | Altar of Storms |
| 0:18 | Orc Burrow |
| 0:29 | War Mill |
| 0:45 | Peon |
| 0:49 | Peon |
| 0:59 | Voodoo Lounge |
| 1:04 | Voodoo Lounge |
| 1:11 | Peon |
| 1:15 | Peon |
| 1:23 | Peon |
| 1:35 | Peon |
| 1:46 | Peon |
| 1:53 | Watch Tower |
| 1:54 | Watch Tower |
| 1:56 | Peon |
| 2:07 | Shockwave |
| 2:09 | Healing Salve |
| 2:13 | Lesser Clarity Potion |
| 2:30 | Watch Tower |
| 2:39 | Peon |
| 2:45 | Watch Tower |
| 3:22 | Stronghold |
| 3:44 | Staff of Teleportation |
| 3:52 | Boots of Speed |
| 4:04 | Watch Tower |
| 4:20 | Watch Tower |
| 4:34 | Orc Burrow |
| 5:12 | Endurance Aura |
| 5:24 | Lesser Clarity Potion |
| 5:37 | Orc Burrow |
| 6:11 | Breath of Fire |
| 6:15 | Watch Tower |
| 6:18 | Beastiary |
| 6:30 | Watch Tower |
| 6:39 | Lesser Clarity Potion |
| 6:39 | Healing Salve |
| 7:30 | Boots of Speed |
| 7:32 | Troll Batrider |
| 7:32 | Troll Batrider |
| 7:37 | Beastiary |
| 7:44 | Voodoo Lounge |
| 7:55 | Watch Tower |
| 8:44 | Fortress |
| 8:46 | Troll Batrider |
| 9:02 | Watch Tower |
| 9:34 | Drunken Brawler |
| 9:47 | Shockwave |
| 9:52 | Troll Batrider |
| 9:56 | Watch Tower |
| 9:58 | Watch Tower |
| 10:08 | Healing Salve |
| 10:11 | Lesser Clarity Potion |
| 10:12 | Lesser Clarity Potion |
| 10:38 | Healing Salve |
| 10:42 | Lesser Clarity Potion |
| 10:49 | Troll Batrider |
| 11:24 | Great Hall |
| 12:16 | Watch Tower |
| 12:17 | Watch Tower |
| 12:20 | Potion of Healing |
| 12:24 | Orb of Lightning |
| 12:59 | Watch Tower |
| 13:03 | Liquid Fire |
| 13:05 | Troll Batrider |
| 13:05 | Troll Batrider |
| 13:24 | Lesser Clarity Potion |
| 13:35 | Staff of Teleportation |
| 13:44 | Watch Tower |
| Right click | 1106 |
| Select | 384 |
| Select group | 131 |
| Build/train/purchase | 65 |
| Use ability | 40 |
| Item give/drop | 10 |
| Chat | 10 |
| Assign group | 8 |
| Misc. action | 4 |
| Minimap ping | 2 |
| Remove unit | 1 |
iggythefisk
(13:51) : 

| Scroll of Regeneration | 4 | 400 |
| Mechanical Critter | 2 | 100 |
| Boots of Speed | 2 | 500 |
| Staff of Teleportation | 2 | 300 |
| Circlet of Nobility | 1 | 175 |
| Orb of Lightning | 1 | 375 |
| Healing Salve | 1 | 100 |
| total: | 13 | 1950g |
| Peasant | 21 | 1575 | / | 0 |
| Priest | 1 | 135 | / | 10 |
| total: | 22 | 1710g | / | 10w |
| Scout Tower | 37 | 1110 | / | 740 |
| Arcane Tower | 5 | 350 | / | 250 |
| Guard Tower | 22 | 1540 | / | 1100 |
| Altar of Kings | 1 | 180 | / | 50 |
| Lumber Mill | 1 | 120 | / | 0 |
| Farm | 5 | 400 | / | 100 |
| Arcane Vault | 3 | 390 | / | 90 |
| Town Hall | 1 | 385 | / | 205 |
| Arcane Sanctum | 1 | 150 | / | 140 |
| Keep | 1 | 320 | / | 210 |
| Castle | 2 | 720 | / | 420 |
| total: | 49 | 2735g | / | 1325w |
| 0:01 | Peasant |
| 0:03 | Altar of Kings |
| 0:03 | Peasant |
| 0:13 | Peasant |
| 0:19 | Lumber Mill |
| 0:23 | Farm |
| 0:26 | Peasant |
| 0:45 | Farm |
| 1:03 | Peasant |
| 1:03 | Peasant |
| 1:07 | Scout Tower |
| 1:11 | Peasant |
| 1:20 | Arcane Vault |
| 1:27 | Peasant |
| 1:30 | Scout Tower |
| 1:44 | Peasant |
| 1:47 | Arcane Tower |
| 1:53 | Scout Tower |
| 1:57 | Peasant |
| 2:02 | Blizzard |
| 2:11 | Guard Tower |
| 2:12 | Peasant |
| 2:22 | Peasant |
| 2:30 | Scout Tower |
| 2:43 | Scroll of Regeneration |
| 2:54 | Peasant |
| 2:55 | Peasant |
| 2:59 | Guard Tower |
| 3:02 | Scout Tower |
| 3:41 | Peasant |
| 3:43 | Guard Tower |
| 3:44 | Scout Tower |
| 3:50 | Brilliance Aura |
| 3:57 | Farm |
| 4:00 | Farm |
| 4:01 | Farm |
| 4:02 | Scout Tower |
| 4:04 | Scroll of Regeneration |
| 4:12 | Scout Tower |
| 4:13 | Guard Tower |
| 5:19 | Guard Tower |
| 5:20 | Scout Tower |
| 5:25 | Scroll of Regeneration |
| 5:42 | Arcane Tower |
| 5:48 | Town Hall |
| 5:51 | Scout Tower |
| 5:52 | Scout Tower |
| 5:52 | Scout Tower |
| 5:54 | Guard Tower |
| 5:56 | Scout Tower |
| 5:58 | Scout Tower |
| 5:58 | Scout Tower |
| 5:59 | Blizzard |
| 6:00 | Scroll of Regeneration |
| 6:02 | Mechanical Critter |
| 6:02 | Mechanical Critter |
| 6:11 | Peasant |
| 6:11 | Peasant |
| 6:27 | Arcane Tower |
| 6:29 | Guard Tower |
| 6:57 | Keep |
| 7:01 | Guard Tower |
| 7:03 | Scout Tower |
| 7:03 | Scout Tower |
| 7:04 | Scout Tower |
| 7:06 | Guard Tower |
| 7:19 | Boots of Speed |
| 7:19 | Staff of Teleportation |
| 7:27 | Guard Tower |
| 7:28 | Scout Tower |
| 7:29 | Scout Tower |
| 7:31 | Guard Tower |
| 7:33 | Scout Tower |
| 7:36 | Improved Masonry |
| 8:37 | Guard Tower |
| 8:40 | Scout Tower |
| 8:41 | Scout Tower |
| 8:58 | Scout Tower |
| 8:59 | Scout Tower |
| 8:59 | Guard Tower |
| 9:07 | Peasant |
| 9:07 | Peasant |
| 9:07 | Peasant |
| 9:10 | Arcane Tower |
| 9:24 | Arcane Sanctum |
| 9:28 | Arcane Vault |
| 9:32 | Advanced Masonry |
| 9:39 | Guard Tower |
| 9:40 | Scout Tower |
| 9:42 | Scout Tower |
| 9:42 | Scout Tower |
| 9:58 | Guard Tower |
| 10:03 | Scout Tower |
| 10:03 | Scout Tower |
| 10:19 | Storm Bolt |
| 10:40 | Castle |
| 11:06 | Magic Sentry |
| 11:07 | Improved Lumber Harvesting |
| 11:08 | Guard Tower |
| 11:10 | Guard Tower |
| 11:21 | Scout Tower |
| 11:21 | Scout Tower |
| 11:27 | Boots of Speed |
| 11:28 | Staff of Teleportation |
| 11:28 | Circlet of Nobility |
| 11:53 | Peasant |
| 12:17 | Orb of Lightning |
| 12:17 | Healing Salve |
| 12:25 | Scout Tower |
| 12:26 | Guard Tower |
| 12:36 | Scout Tower |
| 12:37 | Scout Tower |
| 12:41 | Arcane Vault |
| 12:42 | Scout Tower |
| 12:43 | Scout Tower |
| 13:24 | Bash |
| 13:26 | Guard Tower |
| 13:36 | Imbued Masonry |
| 13:36 | Advanced Lumber Harvesting |
| 13:37 | Guard Tower |
| 13:46 | Priest Adept Training |
| 13:46 | Priest |
| Right click | 691 |
| Assign group | 493 |
| Select group | 291 |
| Select | 181 |
| Build/train/purchase | 105 |
| Use ability | 34 |
| Misc. action | 18 |
| Resource trade | 6 |
| Item give/drop | 3 |
| Minimap ping | 2 |
66 units @ 9.5k
/ 1k
53 buildings @ 7.4k
/ 2.8k

| Lesser Clarity Potion | 1 | 70 |
| Potion of Mana | 1 | 200 |
| Scroll of Town Portal | 1 | 350 |
| Healing Salve | 1 | 100 |
| total: | 4 | 720g |
| Peasant | 10 | 750 | / | 0 |
| Footman | 3 | 405 | / | 0 |
| Rifleman | 7 | 1435 | / | 210 |
| Razormane Medicine Man | 1 | 350 | / | 60 |
| Centaur Outrunner | 1 | 195 | / | 0 |
| Harpy Rogue | 1 | 215 | / | 20 |
| total: | 23 | 3350g | / | 290w |
| Scout Tower | 4 | 120 | / | 80 |
| Arcane Tower | 1 | 70 | / | 50 |
| Guard Tower | 3 | 210 | / | 150 |
| Altar of Kings | 1 | 180 | / | 50 |
| Farm | 8 | 640 | / | 160 |
| Barracks | 1 | 160 | / | 60 |
| Blacksmith | 2 | 280 | / | 120 |
| Lumber Mill | 1 | 120 | / | 0 |
| Arcane Vault | 3 | 390 | / | 90 |
| Arcane Sanctum | 1 | 150 | / | 140 |
| Keep | 1 | 320 | / | 210 |
| total: | 21 | 2040g | / | 700w |
| 0:02 | Peasant |
| 0:10 | Altar of Kings |
| 0:15 | Farm |
| 0:18 | Barracks |
| 0:20 | Peasant |
| 0:26 | Peasant |
| 0:49 | Peasant |
| 0:56 | Farm |
| 1:02 | Peasant |
| 1:21 | Footman |
| 1:23 | Peasant |
| 1:32 | Footman |
| 1:38 | Peasant |
| 1:47 | Farm |
| 1:57 | Scout Tower |
| 2:04 | Footman |
| 2:10 | Peasant |
| 2:13 | Holy Light |
| 2:35 | Arcane Tower |
| 2:41 | Blacksmith |
| 2:47 | Lumber Mill |
| 3:08 | Peasant |
| 3:12 | Blacksmith |
| 3:22 | Scout Tower |
| 3:47 | Farm |
| 3:49 | Peasant |
| 4:13 | Arcane Vault |
| 4:16 | Arcane Vault |
| 4:23 | Arcane Vault |
| 4:30 | Black Gunpowder |
| 4:31 | Rifleman |
| 4:36 | Guard Tower |
| 4:37 | Iron Forged Swords |
| 4:46 | Scout Tower |
| 5:05 | Scout Tower |
| 5:12 | Rifleman |
| 5:13 | Rifleman |
| 5:15 | Guard Tower |
| 5:17 | Farm |
| 5:26 | Studded Leather Armor |
| 5:34 | Lesser Clarity Potion |
| 5:40 | Guard Tower |
| 6:19 | Rifleman |
| 6:19 | Rifleman |
| 6:54 | Keep |
| 7:00 | Farm |
| 7:01 | Farm |
| 7:36 | Razormane Medicine Man |
| 8:22 | Devotion Aura |
| 8:45 | Rifleman |
| 8:54 | Healing Salve |
| 9:07 | Scroll of Town Portal |
| 9:08 | Potion of Mana |
| 9:23 | Long Rifles |
| 9:24 | Refined Gunpowder |
| 9:57 | Arcane Sanctum |
| 9:59 | Farm |
| 10:46 | Rifleman |
| 11:03 | Centaur Outrunner |
| 11:03 | Harpy Rogue |
| 12:07 | Divine Shield |
| 12:50 | Reinforced Leather Armor |
| Right click | 642 |
| Select | 233 |
| Assign group | 65 |
| Select group | 62 |
| Build/train/purchase | 45 |
| Chat | 45 |
| Misc. action | 30 |
| Use ability | 16 |
| Minimap ping | 6 |
| Remove unit | 1 |
| Esc | 1 |

| Healing Salve | 1 | 100 |
| total: | 1 | 100g |
| Peon | 7 | 525 | / | 0 |
| Grunt | 1 | 200 | / | 0 |
| Troll Headhunter | 8 | 1120 | / | 160 |
| Shaman | 2 | 260 | / | 40 |
| Razormane Medicine Man | 1 | 350 | / | 60 |
| total: | 19 | 2455g | / | 260w |
| Watch Tower | 2 | 220 | / | 160 |
| Altar of Storms | 1 | 180 | / | 50 |
| Orc Burrow | 6 | 960 | / | 240 |
| Barracks | 2 | 360 | / | 100 |
| War Mill | 1 | 205 | / | 0 |
| Voodoo Lounge | 1 | 130 | / | 30 |
| Great Hall | 1 | 385 | / | 185 |
| Spirit Lodge | 2 | 300 | / | 300 |
| Tauren Totem | 2 | 270 | / | 310 |
| Stronghold | 1 | 315 | / | 190 |
| Fortress | 1 | 325 | / | 190 |
| total: | 18 | 3010g | / | 1375w |
| 0:08 | Altar of Storms |
| 0:11 | Orc Burrow |
| 0:19 | Barracks |
| 0:27 | Peon |
| 0:45 | Peon |
| 1:00 | Peon |
| 1:15 | Peon |
| 1:16 | Peon |
| 1:41 | War Mill |
| 1:52 | Peon |
| 1:57 | Peon |
| 2:11 | Grunt |
| 2:17 | War Stomp |
| 2:38 | Orc Burrow |
| 2:47 | Orc Burrow |
| 3:23 | Orc Burrow |
| 3:41 | Troll Headhunter |
| 3:42 | Troll Headhunter |
| 3:42 | Troll Headhunter |
| 4:03 | Watch Tower |
| 4:06 | Watch Tower |
| 4:21 | Barracks |
| 4:46 | Endurance Aura |
| 4:58 | Troll Headhunter |
| 5:00 | Stronghold |
| 5:20 | Troll Headhunter |
| 5:26 | Spiked Barricades |
| 5:30 | Troll Headhunter |
| 6:27 | Voodoo Lounge |
| 7:06 | Troll Headhunter |
| 7:15 | Troll Headhunter |
| 7:26 | Spirit Lodge |
| 7:28 | Spirit Lodge |
| 7:42 | Healing Salve |
| 8:12 | Tauren Totem |
| 8:41 | Razormane Medicine Man |
| 8:51 | Tauren Totem |
| 8:55 | War Stomp |
| 9:52 | Shaman Adept Training |
| 10:02 | Fortress |
| 10:18 | Orc Burrow |
| 10:20 | Orc Burrow |
| 13:07 | Great Hall |
| 13:19 | Shaman Master Training |
| 13:19 | Shaman |
| 13:20 | Shaman |
| Right click | 203 |
| Select | 185 |
| Build/train/purchase | 37 |
| Chat | 6 |
| Use ability | 2 |
| Minimap ping | 2 |


| Rod of Necromancy | 2 | 300 |
| Orb of Corruption | 1 | 375 |
| total: | 3 | 675g |
| Acolyte | 7 | 525 | / | 0 |
| Ghoul | 5 | 600 | / | 0 |
| Crypt Fiend | 6 | 1290 | / | 240 |
| Obsidian Statue | 3 | 600 | / | 105 |
| Meat Wagon | 3 | 690 | / | 150 |
| total: | 24 | 3705g | / | 495w |
| Altar of Darkness | 1 | 180 | / | 50 |
| Ziggurat | 6 | 900 | / | 300 |
| Crypt | 2 | 400 | / | 100 |
| Tomb of Relics | 1 | 130 | / | 30 |
| Graveyard | 1 | 215 | / | 0 |
| Necropolis | 1 | 225 | / | 0 |
| Slaughterhouse | 2 | 280 | / | 270 |
| Halls of the Dead | 1 | 320 | / | 210 |
| Black Citadel | 1 | 325 | / | 230 |
| total: | 14 | 2330g | / | 750w |
| 0:09 | Altar of Darkness |
| 0:11 | Ziggurat |
| 0:13 | Crypt |
| 0:27 | Acolyte |
| 0:41 | Acolyte |
| 0:59 | Tomb of Relics |
| 1:17 | Ghoul |
| 1:37 | Graveyard |
| 1:49 | Ghoul |
| 2:05 | Ghoul |
| 2:09 | Rod of Necromancy |
| 2:12 | Death Coil |
| 2:33 | Ziggurat |
| 2:49 | Ziggurat |
| 3:02 | Crypt Fiend |
| 3:12 | Crypt |
| 3:44 | Crypt Fiend |
| 4:07 | Halls of the Dead |
| 4:31 | Ghoul |
| 4:33 | Ghoul |
| 4:37 | Unholy Aura |
| 4:53 | Crypt Fiend |
| 5:18 | Crypt Fiend |
| 5:27 | Rod of Necromancy |
| 6:01 | Crypt Fiend |
| 6:46 | Death Coil |
| 7:00 | Black Citadel |
| 7:07 | Slaughterhouse |
| 7:27 | Ziggurat |
| 7:46 | Crypt Fiend |
| 8:03 | Frost Armor |
| 8:20 | Obsidian Statue |
| 8:44 | Meat Wagon |
| 8:58 | Necropolis |
| 9:35 | Meat Wagon |
| 9:50 | Ziggurat |
| 9:52 | Slaughterhouse |
| 10:28 | Orb of Corruption |
| 10:49 | Obsidian Statue |
| 10:53 | Acolyte |
| 11:43 | Meat Wagon |
| 13:03 | Acolyte |
| 13:03 | Acolyte |
| 13:03 | Acolyte |
| 13:04 | Acolyte |
| 13:13 | Obsidian Statue |
| 13:24 | Ziggurat |
| Right click | 636 |
| Select | 258 |
| Build/train/purchase | 54 |
| Select group | 33 |
| Use ability | 19 |
| Misc. action | 7 |
| Assign group | 5 |
| Item give/drop | 2 |
| Remove unit | 2 |
| Minimap ping | 2 |
⇛